Map: Flashback EE

Players

GrimDuke

  • Race: Terran Terran
  • League: Gold
  • Spawn Location: 7:00

NEO

  • Race: Zerg Zerg
  • Spawn Location: 7:00

DzNutz

  • Race: Terran Terran
  • Spawn Location: 7:00

TATORREA - Winner!

  • Race: Protoss Protoss
  • League: Gold
  • Spawn Location: 11:00

MrFercho - Winner!

  • Race: Zerg Zerg
  • League: Gold
  • Spawn Location: 9:00

tigro - Winner!

  • Race: Terran Terran
  • League: Bronze
  • Spawn Location: 11:00

VOD

Have the link to the VOD?

Description

Time

  • Played on: Aug. 4, 2020, 9:14 p.m.
  • Length: 14:36
Show
View Real Time Build Order
Export as new Build Order

GrimDuke Terran 

Build Orders:  

Get SALT Encoding   

  12  0:00  SCV  
  13  0:19  SCV  
  14  0:24  Supply Depot  
  14  0:31  SCV  
  15  0:50  Barracks  
  15  0:52  SCV  
  15  0:53  Refinery  
  16  1:07  SCV  
  16  1:08  Refinery  
  17  1:34  SCV  
  18  1:42  Barracks  
  18  1:54  Barracks Tech Lab, Factory  
  18  1:57  Orbital Command  
  17  2:12  Marine  
  18  2:25  SCV  
  19  2:37  Barracks Reactor  
  19  2:45  SCV  
  19  2:50  Supply Depot  
  20  3:00  SCV  
  20  3:05  Marine  
  22  3:11  Siege Tank  
  22  3:12  Supply Depot  
  25  3:13  SCV  
  25  3:19  Marine  
  27  3:20  Marine  
  27  3:25  SCV  
  29  3:35  Supply Depot  
  29  3:46  Marine  
  29  3:47  Marine x2  
  32  3:49  Siege Tank  
  32  3:52  SCV  
  36  3:58  Supply Depot  
  36  4:16  Marine x3  
  39  4:20  SCV  
  39  4:21  Siege Tank  
  39  4:22  Supply Depot  
  43  4:34  Marine  
  44  4:43  Marine  
  45  4:51  Marine x2  
  47  5:01  Marine  
  48  5:09  Marine  
  46  5:19  Marine  
  42  5:31  Marine x2  
  39  5:37  Marine  
  37  5:45  Widow Mine  
  37  5:48  Marine  
  37  5:49  Marine  
  41  5:55  Marine  
  42  6:06  Widow Mine  
  30  6:50  Marine x2  
  30  6:52  Widow Mine  
  32  7:11  SCV  
  32  7:13  Widow Mine  
  32  7:15  Engineering Bay  
  35  7:24  SCV  
  36  7:34  Widow Mine  
  38  7:49  Missile Turret  
  38  7:51  Barracks Tech Lab  
  38  8:17  Command Center  
  38  8:33  SCV  
  39  8:43  Ghost Academy  
  39  8:46  SCV  
  39  8:47  Ghost Academy  
  40  8:58  SCV  
  44  9:10  SCV  
  44  9:15  Personal Cloaking  
  44  9:16  Nuke  
  42  9:22  SCV  
  43  9:31  Refinery  
  43  9:32  SCV  
  43  9:34  SCV  
  45  9:49  Ghost  
  47  10:03  Orbital Command  
  47  10:08  Enhanced Shockwaves  
  47  10:16  Missile Turret  
  47  10:26  Missile Turret  
  47  10:36  Missile Turret  
  47  11:19  Ghost  
  49  11:33  Refinery, SCV  
  50  11:45  SCV  
  51  11:57  SCV, Siege Tank  
  55  12:09  SCV  
  56  12:20  Nuke  
  56  12:21  SCV  
  56  12:22  Nuke  
  53  13:05  Ghost  
  46  13:30  Marine x2  
  46  13:32  Siege Tank  
  53  13:34  Marauder  
  51  13:48  Marine x2  
  53  13:55  Ghost  
  53  14:05  Marine  
Show
View Real Time Build Order
Export as new Build Order

NEO Zerg 

Build Orders: Pool First 

Get SALT Encoding   

  12  0:11  Drone x2  
  14  0:19  Overlord  
  14  0:34  Extractor  
  13  0:36  Drone  
  13  0:40  Drone  
  15  0:46  Drone  
  16  1:04  Spawning Pool  
  15  1:05  Drone x2  
  17  1:16  Drone  
  18  1:34  Drone  
  18  1:39  Drone  
  20  1:50  Drone  
  21  1:58  Hatchery  
  20  2:01  Drone  
  21  2:11  Overlord  
  21  2:25  Drone  
  21  2:29  Queen  
  24  2:32  Metabolic Boost  
  24  2:56  Hatchery  
  23  3:13  Lair  
  23  3:15  Drone  
  23  3:17  Queen  
  26  3:37  Drone x2  
  28  3:43  Overlord  
  28  3:53  Queen  
  30  4:10  Zergling x6  
  30  4:11  Zergling x12  
  39  4:19  Queen  
  41  4:25  Spire  
  38  4:41  Drone x3  
  38  4:42  Drone x2  
  43  4:54  Extractor  
  43  4:55  Queen  
  44  5:01  Queen  
  44  5:04  Overlord x2  
  42  5:21  Nydus Network  
  38  5:31  Pneumatized Carapace  
  38  5:36  Spore Crawler  
  37  5:48  Spore Crawler  
  36  6:06  Extractor  
  36  6:09  Extractor  
  34  6:15  Drone x3  
  34  6:17  Drone x2  
  39  6:30  Extractor  
  38  6:35  Extractor  
  37  6:48  Drone x2  
  37  6:49  Drone  
  37  6:51  Drone x3  
  43  6:55  Drone x4  
  43  6:56  Drone  
  43  6:58  Drone x5  
  43  6:59  Drone x2  
  55  7:03  Overlord x2  
  55  7:08  Zerg Flyer Weapons Level 1  
  55  7:12  Zergling x12  
  55  7:13  Zergling x2  
  62  7:21  Drone  
  53  7:52  Zergling x8  
  53  7:53  Zergling x12  
  53  7:54  Zergling x2  
  64  7:59  Nydus Canal  
  53  8:56  Mutalisk x3  
  53  8:57  Mutalisk x6  
  53  8:58  Mutalisk x2  
  71  9:09  Hatchery  
  70  9:14  Hatchery  
  69  9:20  Drone x2  
  71  9:40  Hatchery, Mutalisk x2  
  74  9:45  Overlord  
  74  9:46  Overlord x2  
  74  9:55  Overlord  
  74  9:56  Overlord x2  
  40  10:57  Drone x3  
  40  11:00  Drone x3  
  45  11:11  Queen x3  
  45  11:12  Queen x2  
  55  11:26  Drone x2  
  55  11:27  Drone x4  
  61  11:50  Extractor  
  61  11:52  Extractor  
  59  12:32  Mutalisk x5  
  59  12:33  Mutalisk x6  
  59  12:34  Mutalisk x6  
  59  12:35  Mutalisk x2  
  82  13:16  Mutalisk x5  
  82  13:17  Mutalisk x4  
  100  13:29  Drone  
Show
View Real Time Build Order
Export as new Build Order

DzNutz Terran 

Build Orders:  

Get SALT Encoding   

  12  0:04  SCV  
  13  0:16  SCV  
  14  0:28  Supply Depot, SCV  
  15  0:38  Refinery  
  15  0:50  SCV  
  15  0:55  Barracks  
  16  1:02  SCV  
  17  1:14  SCV  
  18  1:26  SCV  
  19  1:51  Factory  
  19  2:03  Barracks Tech Lab  
  19  2:07  SCV  
  20  2:18  Barracks  
  20  2:19  SCV  
  21  2:24  Refinery  
  21  2:31  SCV  
  22  2:46  Barracks Reactor  
  22  2:52  Supply Depot  
  22  3:14  Siege Tank  
  22  3:15  Barracks Reactor  
  25  3:25  Supply Depot  
  25  3:39  Command Center  
  25  3:41  Marine x2  
  27  3:49  SCV  
  28  3:59  Marine x2  
  28  4:01  Orbital Command  
  30  4:06  Marine x2  
  32  4:13  Siege Tank  
  35  4:17  Marine x2  
  35  4:24  Marine x2  
  38  4:27  Starport  
  39  4:46  Supply Depot  
  39  4:47  Supply Depot  
  39  4:50  Supply Depot, Marine x4, Siege Tank  
  45  5:17  Starport Tech Lab  
  45  5:18  Fusion Core  
  45  5:24  Starport  
  45  5:25  Marine x3  
  48  5:28  Marine  
  48  5:35  SCV  
  50  5:36  SCV  
  51  5:48  Engineering Bay  
  51  6:00  SCV x2  
  53  6:05  Starport Tech Lab  
  53  6:12  SCV x2  
  55  6:27  Refinery  
  55  6:28  Refinery  
  42  6:42  Battlecruiser  
  40  6:52  Marine x4  
  44  7:03  Weapon Refit  
  44  7:07  SCV x2  
  46  7:10  Marine x4  
  50  7:19  SCV x2  
  52  7:25  Battlecruiser  
  52  7:27  Marine  
  59  7:41  Terran Infantry Weapons Level 1  
  59  7:44  Orbital Command  
  59  7:46  SCV  
  60  7:58  SCV  
  61  8:05  Supply Depot  
  61  8:10  SCV  
  62  8:18  Battlecruiser  
  68  8:22  SCV  
  69  8:29  Supply Depot  
  69  8:30  Armory  
  69  8:38  Battlecruiser  
  75  9:01  Marine x4  
  79  9:19  Marine x4  
  79  9:20  Terran Ship Weapons Level 1  
  79  9:22  Battlecruiser  
  89  9:41  Terran Infantry Weapons Level 2  
  89  10:00  Supply Depot  
  89  10:02  Supply Depot  
  89  10:08  Battlecruiser  
  95  10:28  Supply Depot  
  95  11:30  Battlecruiser  
  95  11:31  Battlecruiser  
  26  12:59  Marine  
  26  13:00  Marine x3  
  29  13:17  Marine  
  29  13:18  Marine x3  
  33  13:35  Marine x3  
  33  13:36  Marine  
  33  13:37  Orbital Command  
  37  13:53  Marine x4  
  37  14:03  SCV x2  
  39  14:15  SCV x2  
  39  14:16  Missile Turret x2  
  41  14:19  Missile Turret  
  41  14:20  Missile Turret x3  
  41  14:21  Missile Turret  
  41  14:23  Missile Turret  
Show
View Real Time Build Order
Export as new Build Order

TATORREA Protoss - Winner!

Build Orders: Oracle Opening, Carriers 

Get SALT Encoding   

  12  0:04  Probe  
  13  0:16  Probe  
  14  0:29  Probe  
  14  0:30  Pylon  
  15  0:48  Probe  
  16  0:56  Gateway x2  
  16  1:02  Probe  
  17  1:15  Assimilator, Probe  
  18  1:22  Pylon  
  18  1:27  Probe  
  19  1:35  Assimilator  
  19  1:39  Pylon, Probe (Chrono Boost)  
  19  1:49  Probe (Chrono Boost)  
  20  1:54  Probe (Chrono Boost)  
  21  2:01  Cybernetics Core  
  21  2:06  Probe  
  22  2:23  Gateway  
  22  2:24  Gateway  
  22  2:37  Warp Gate  
  22  2:44  Stargate  
  22  3:01  Nexus  
  22  3:31  Fleet Beacon, Probe (Chrono Boost)  
  23  3:43  Probe (Chrono Boost)  
  27  3:48  Oracle (Chrono Boost)  
  27  3:49  Probe (Chrono Boost)  
  28  3:57  Probe  
  30  4:10  Probe  
  30  4:20  Probe  
  30  4:22  Oracle (Chrono Boost), Probe  
  35  4:32  Probe  
  35  4:34  Probe  
  37  4:42  Assimilator  
  37  4:44  Probe  
  38  4:46  Assimilator, Probe  
  38  4:48  Pylon  
  38  4:51  Pylon  
  39  4:56  Probe  
  39  4:58  Probe  
  41  5:06  Carrier (Chrono Boost)  
  47  5:28  Probe x2  
  49  5:40  Probe x2  
  51  6:04  Carrier  
  53  7:30  Pylon  
  53  7:33  Carrier (Chrono Boost)  
  53  7:40  Nexus  
  53  7:42  Pylon  
  59  7:44  Pylon  
  59  8:06  Cybernetics Core  
  59  8:08  Probe x2  
  61  8:19  Carrier (Chrono Boost)  
  61  8:20  Probe x2  
  69  9:11  Probe x3  
  69  9:13  Carrier (Chrono Boost)  
  78  9:23  Probe x2  
  78  9:24  Probe, Stargate  
  81  9:27  Stargate  
  81  9:35  Probe x2  
  83  9:48  Assimilator  
  83  9:51  Assimilator  
  83  9:52  Gateway  
  83  9:54  Gateway  
  83  9:55  Gateway  
  83  10:11  Carrier (Chrono Boost)  
  71  10:58  Carrier x2 (Chrono Boost)  
  83  11:07  Stalker x4  
  83  11:08  Stalker  
  83  11:09  Carrier (Chrono Boost)  
  93  11:13  Probe x3  
  96  11:25  Probe x3  
  98  11:30  Nexus  
  98  11:32  Pylon  
  99  11:34  Pylon  
  99  11:37  Assimilator  
  99  11:41  Assimilator  
  99  11:43  Stalker  
  99  11:44  Protoss Air Weapons Level 1 (Chrono Boost)  
  101  11:50  Carrier (Chrono Boost), Probe x2  
  101  11:51  Carrier (Chrono Boost)  
  101  11:52  Probe  
  116  12:02  Probe  
  117  12:10  Probe  
  117  12:13  Carrier  
  112  12:32  Probe x3  
  98  12:44  Probe x3  
  99  12:50  Carrier  
  107  12:52  Carrier  
  113  13:17  Carrier  
  119  13:25  Probe x4  
  123  13:37  Probe x3  
Show
View Real Time Build Order
Export as new Build Order

MrFercho Zerg - Winner!

Build Orders: Pool First 

Get SALT Encoding   

  12  0:19  Spawning Pool  
  11  0:22  Drone  
  11  0:26  Drone  
  13  0:36  Overlord  
  13  0:40  Drone  
  14  0:59  Drone  
  14  1:01  Drone  
  16  1:07  Queen  
  16  1:09  Zergling x2  
  19  1:16  Zergling x2  
  20  1:27  Zergling x2  
  21  1:42  Drone  
  22  1:50  Hatchery  
  21  1:54  Drone  
  22  2:13  Overlord  
  22  2:19  Extractor  
  21  2:52  Drone x3  
  24  3:00  Queen  
  26  3:09  Drone x5  
  26  3:10  Queen  
  33  3:13  Drone  
  33  3:15  Drone  
  35  3:48  Metabolic Boost  
  35  3:52  Drone  
  35  3:53  Overlord x3  
  35  4:09  Hatchery  
  33  4:35  Zergling x24  
  44  4:44  Lair  
  44  4:50  Drone x4  
  48  5:05  Zergling x6  
  43  5:26  Zergling x16  
  47  5:36  Baneling Nest  
  47  5:41  Drone  
  47  5:42  Drone x3  
  50  5:52  Zergling x6  
  50  5:53  Zergling x4  
  50  5:56  Drone  
  56  6:01  Overlord x2  
  56  6:11  Zergling x8  
  43  6:28  Zergling x12  
  34  6:36  Zergling x10  
  34  6:39  Drone  
  38  6:47  Zergling x8  
  38  6:50  Queen  
  38  6:52  Drone x2  
  38  6:53  Drone  
  44  7:14  Drone x7  
  51  7:17  Drone  
  52  7:29  Hydralisk Den  
  51  7:53  Drone  
  51  7:54  Drone x8  
  51  7:57  Overlord x3  
  59  8:30  Zergling x16, Hydralisk x3  
  73  8:54  Hydralisk x8  
  86  9:09  Extractor  
  85  9:20  Extractor  
  85  9:22  Extractor  
  83  9:30  Overlord x3  
  83  9:33  Hydralisk x2  
  87  10:00  Drone x3  
  87  10:05  Drone x12  
  87  10:06  Queen  
  104  10:22  Spore Crawler  
  104  10:26  Muscular Augments, Spore Crawler x2  
  101  10:31  Hydralisk x3  
  101  10:33  Nydus Network  
  106  10:46  Drone x2  
  106  10:47  Drone x4  
  106  10:48  Drone x2  
  106  10:49  Drone  
  115  10:52  Extractor  
  115  10:53  Extractor  
  113  11:04  Hydralisk x4  
  113  11:05  Overlord x3  
  121  11:36  Hydralisk x10  
  121  11:37  Grooved Spines  
  121  11:39  Overlord x2  
  138  12:06  Nydus Canal  
  136  12:15  Hydralisk x9  
  137  12:16  Hydralisk  
  143  12:57  Hydralisk  
  143  12:58  Hydralisk x12  
  127  13:06  Overseer x2  
  127  13:07  Overlord x2  
  111  13:16  Hydralisk x4  
  111  13:40  Drone x2  
  111  13:41  Drone  
  114  13:42  Drone x2  
  116  13:52  Infestation Pit  
  115  14:07  Hydralisk x14  
  142  14:19  Hatchery  
  141  14:28  Hatchery  
Show
View Real Time Build Order
Export as new Build Order

tigro Terran - Winner!

Build Orders:  

Get SALT Encoding   

  12  0:14  SCV  
  13  0:26  Supply Depot  
  13  0:27  SCV  
  14  0:39  SCV  
  15  0:48  Supply Depot  
  15  0:51  SCV  
  15  0:54  Barracks  
  16  1:03  Refinery, SCV  
  17  1:15  SCV  
  18  1:27  SCV  
  19  1:36  Refinery  
  19  1:39  SCV  
  20  1:43  Marine  
  21  1:51  SCV  
  22  2:00  Marine  
  23  2:03  SCV  
  24  2:14  Factory  
  24  2:18  Marine  
  25  2:24  SCV  
  26  2:36  Marine  
  27  2:43  Orbital Command  
  27  2:54  Marine  
  28  2:59  Factory Tech Lab  
  28  3:04  Engineering Bay  
  28  3:18  Siege Tank  
  31  3:21  Command Center  
  31  3:31  Barracks Tech Lab  
  31  3:32  Starport  
  31  3:50  Siege Tank  
  34  4:20  Medivac  
  34  4:21  Combat Shield  
  36  4:41  Refinery, SCV  
  36  4:44  Marine  
  38  4:50  Starport Tech Lab  
  38  4:53  Terran Infantry Weapons Level 1, SCV  
  39  5:02  Marine  
  39  5:05  SCV  
  41  5:08  Refinery  
  41  5:12  Siege Tank  
  44  5:17  SCV  
  44  5:19  Marine  
  39  5:29  Medivac, SCV  
  42  5:37  Marine  
  42  5:40  Stimpack  
  41  6:09  Supply Depot  
  34  6:30  Marine  
  35  6:33  Supply Depot  
  35  6:39  Fusion Core  
  35  6:47  Terran Infantry Armor Level 1  
  35  6:48  Marine  
  36  6:55  Siege Tank  
  36  6:56  Supply Depot  
  39  7:06  Marine  
  40  7:23  Marine  
  40  7:25  SCV  
  40  7:27  Siege Tank  
  45  7:37  SCV  
  45  7:41  Marine  
  47  7:49  SCV  
  48  7:59  Marine, Siege Tank  
  48  8:01  SCV  
  48  8:05  Missile Turret  
  53  8:14  SCV  
  54  8:26  Missile Turret  
  36  8:41  Hi-Sec Auto Tracking  
  33  8:50  Planetary Fortress  
  33  9:00  Refinery  
  33  9:10  Refinery  
  33  9:12  Missile Turret  
  33  9:33  Missile Turret  
  33  9:38  Marine, Neosteel Armor  
  34  9:46  Barracks, Weapon Refit  
  34  9:54  Armory  
  34  9:56  Marine, Missile Turret  
  34  9:58  SCV  
  36  10:10  SCV  
  36  10:13  Marine  
  38  10:20  Missile Turret  
  38  10:22  SCV  
  39  10:31  Marine  
  39  10:34  SCV  
  41  10:44  Missile Turret  
  41  10:47  SCV  
  41  10:49  Marine  
  43  11:01  Battlecruiser  
  49  11:06  Terran Vehicle Weapons Level 1  
  49  11:08  Missile Turret  
  49  11:11  Barracks Reactor  
  49  11:12  Marine  
  50  11:26  Rapid Reignition System  
  50  11:27  Missile Turret  
  50  11:30  Marine  
  51  11:48  Marine  
  48  12:05  Battlecruiser  
  52  12:10  Missile Turret  
  50  12:41  Missile Turret  
  50  12:48  Marine  
  51  13:03  Missile Turret  
  51  13:06  Marine  
  51  13:09  Battlecruiser  
  51  13:12  Marine x2  
  60  13:24  Marine  
  61  13:27  Missile Turret  
  61  13:30  Marine x2  
  61  13:32  SCV  
  64  13:42  Marine  
  64  13:44  SCV  
  64  13:47  Marine  
  64  13:48  Marine  
  68  13:56  SCV  
  68  13:58  Missile Turret  
  68  14:00  Marine, Missile Turret  
  76  14:05  Marine  
  76  14:06  Marine  
  78  14:21  Missile Turret  
Tags
 
Add a new tag
Caveats
  • Supply blocks, unpowered buildings, or Contaminate may cause inaccurate times.
  • Supply counts are checked every 10 seconds.